 Dungeon Crawl Stone Soup version 0.26.1-11-gd32895ea62 (webtiles) character file.

Game seed: 9032730593876631511

196 nothank2 the Changer (level 5, -1/37 HPs)
             Began as a Demonspawn Transmuter on June 24, 2021.
             Succumbed to a killer bee's poison
             ... on level 3 of the Dungeon.
             The game lasted 00:08:18 (3014 turns).

nothank2 the Changer (Demonspawn Transmuter)        Turns: 3014, Time: 00:08:19

Health: -1/37      AC:  4    Str: 11    XL:     5   Next: 45%
Magic:  9/9        EV: 12    Int: 15    God:
Gold:   89         SH:  0    Dex: 13    Spells: 6/10 levels left

rFire    + . .     SeeInvis .   k - +0 dagger (venom)
rCold    . . .     Faith    .   (no shield)
rNeg     . . .     Spirit   .   a - +0 robe
rPois    .         Reflect  .   (helmet currently unavailable)
rElec    .         Harm     .   (no cloak)
rCorr    .         Rampage  .   (no gloves)
Will     .....                  (boots currently unavailable)
Stlth    +.........             m - amulet of the acrobat
HPRegen  0.12/turn              (no ring)
MPRegen  0.11/turn              (no ring)

@: lethally poisoned (-1 -> -17), appendages (expiring)
A: horns 2, talons 1, yellow scales 1, demonic guardian 1, fire resistance 1
a: End Transformation


You were on level 3 of the Dungeon.
You had grown temporary horns.
You visited 1 branch of the dungeon, and saw 3 of its levels.

You collected 89 gold pieces.

Inventory:

Hand Weapons
 f - a +1 dagger of speed
 k - a +0 dagger of venom (weapon)
Missiles
 c - 10 poisoned darts
Armour
 a - a +0 robe (worn)
 p - a +0 buckler
Jewellery
 m - an amulet of the acrobat (around neck)
Scrolls
 b - 4 scrolls of enchant armour {unknown}
 d - a scroll of noise
 i - 3 scrolls of remove curse {unknown}
 l - 3 scrolls of identify {unknown}
 q - a scroll of enchant weapon {unknown}
Potions
 e - a potion of invisibility {unknown}
 g - a potion of resistance {unknown}
 h - a potion of flight {unknown}
 j - a potion of degeneration {unknown}
 n - a potion of curing {unknown}
 o - a potion of might {unknown}


   Skills:
 - Level 1.0 Fighting
 - Level 0.7 Short Blades
 - Level 1.7 Dodging
 - Level 2.6 Unarmed Combat
 - Level 3.0 Spellcasting
 + Level 4.5 Transmutations


You had 6 spell levels left.
You knew the following spells:

 Your Spells              Type           Power        Failure   Level
a - Beastly Appendage     Tmut           30%          3%          1
b - Spider Form           Tmut/Pois      4%           24%         3

Your spell library contained the following spells:

 Spells                   Type           Power        Failure   Level
 Wereblood                Tmut           15%          4%          2
 Ice Form                 Ice/Tmut       9%           61%         4
 Blade Hands              Tmut           7%           65%         5


Dungeon Overview and Level Annotations

Branches:
Dungeon (3/15)

Altars:
Fedhas
Okawaru
Trog


Innate Abilities, Weirdness & Mutations

You have sharp toenails.
You are partially covered in yellow scales. (AC +2)
A weak demonic guardian rushes to your aid.
Your flesh is heat resistant. (rF+)
You have a pair of horns on your head.


Message History

You hear a loud clanging noise!
It was a scroll of noise.
You feel sick.
You hear a bark! x2
The killer bee barely misses you.
Your ufetubus misses the killer bee.
Your ufetubus closely misses the killer bee.
The killer bee closely misses you.
Your ufetubus hits the killer bee. x2
You closely miss the killer bee. Your headbutt misses the killer bee.
You feel sick. The killer bee stings you!
* * * LOW HITPOINT WARNING * * *
You are more poisoned.
The killer bee poisons you! The killer bee stings you.
* * * LOW HITPOINT WARNING * * *
Your ufetubus barely misses the killer bee.
Your ufetubus completely misses the killer bee.
You closely miss the killer bee.
* * * LOW HITPOINT WARNING * * *
You feel sick. The killer bee barely misses you.
Your ufetubus hits the killer bee. x2; The killer bee closely misses you.
You hit the killer bee but do no damage.
You die...

#### ...# ### ###
##.# #.# #.# .# #.#
#.# .# #.# #.# .#
##.# #.# # #..# #.#
#.## #5# #.# #@# #
#.#####y##....
#......y5<.#
.#######.#####.#..#
##..................#
#............###.#.##
#..#######.#.# #.#.#
#..# #.#.# #># #
#..#######.#.# #$#


You could see 2 killer bees, a friendly shadow imp (summoned) and a friendly
ufetubus (summoned).

Vanquished Creatures
  A killer bee (D:3)
  8 adders
  6 worms
  3 dart slugs
  A leopard gecko (D:1)
  An orc (D:2)
  2 ball pythons (D:2)
  2 bats
  3 giant cockroaches
  7 goblins
  8 hobgoblins
  4 frilled lizards
  9 kobolds
  5 rats
60 creatures vanquished.

Notes
Turn   | Place    | Note
-------+----------+-------------------------------------------
     0 | D:1      | nothank2 the Demonspawn Transmuter began the quest for the
                  | Orb.
     0 | D:1      | Reached XP level 1. HP: 15/15 MP: 3/3
   267 | D:1      | Reached skill level 2 in Transmutations
   344 | D:1      | Gained mutation: You are partially covered in yellow
                  | scales. (AC +2) [demonic ancestry]
   344 | D:1      | Reached XP level 2. HP: 8/21 MP: 3/5
   558 | D:1      | Found an iron altar of Okawaru.
  1150 | D:2      | Gained mutation: A weak demonic guardian rushes to your
                  | aid. [demonic ancestry]
  1150 | D:2      | Reached XP level 3. HP: 26/26 MP: 5/7
  1456 | D:2      | Learned a level 3 spell: Spider Form
  1806 | D:2      | Reached skill level 3 in Transmutations
  1806 | D:2      | Gained mutation: Your flesh is heat resistant. (rF+)
                  | [demonic ancestry]
  1806 | D:2      | Reached XP level 4. HP: 22/32 MP: 6/8
  2356 | D:3      | Found a blossoming altar of Fedhas.
  2356 | D:3      | Found a bloodstained altar of Trog.
  2604 | D:3      | Mutation became permanent: You have sharp toenails.
                  | [demonic ancestry]
  2604 | D:3      | Gained mutation: You have razor-sharp toenails. [demonic
                  | ancestry]
  2604 | D:3      | Reached XP level 5. HP: 37/37 MP: 7/9
  2626 | D:3      | Reached skill level 4 in Transmutations
  3013 | D:3      | HP: 1/37 [poisoned by a killer bee]
  3014 | D:3      | Succumbed to a killer bee's poison

Illustrated notes

Levels and vault maps discovered:
D:1:      nzn_arrival_water_spiral, layout_basic, okawaru_ov_weapons_minmay
D:2:      layout_rooms
D:3:      layout_loops_ring, chequers_temple_overflow_statue_of_worship,
          elyvilon_altar_3, hangedman_decor_push

Skill      XL: |  1  2  3  4  5 |
---------------+----------------+-----
Transmutations | 2 3 4 |  4.5
Spellcasting   | 3 |  3.0
Fighting       | |  1.0
Short Blades   | |  0.7
Dodging        | |  1.7
Unarmed Combat | |  2.6

Action                   |  1- 3 |  4- 6 || total
-------------------------+-------+-------++-------
Melee: Dagger            |   107 |    72 ||   179
       Unarmed           |     9 |       ||     9
       Kick              |    17 |    19 ||    36
       Headbutt          |    15 |    10 ||    25
Throw: Dart              |       |     3 ||     3
 Cast: Beastly Appendage |    22 |    14 ||    36
  Use: Scroll            |       |     1 ||     1
 Stab: Sleeping          |       |     1 ||     1
Armor: Robe              |    27 |     7 ||    34
Dodge: Dodged            |    71 |    40 ||   111
